 Dungeon Crawl Stone Soup version 0.29.1-1-gd02db6906a (webtiles) character file.

Game seed: 2375588519606357537

243 smilodon the Shield-Bearer (level 5, -4/75 (79) HPs)
             Began as a Troll Fighter on Sept 18, 2022.
             Slain by a water moccasin (5 damage)
             ... on level 7 of the Dungeon.
             The game lasted 00:03:12 (2242 turns).

smilodon the Shield-Bearer (Troll Fighter)          Turns: 2242, Time: 00:03:12

HP:   -4/75 (79)    AC: 22    Str: 26    XL:     5   Next: 82%
MP:   4/4           EV:  1    Int:  4    God:
Gold: 166           SH:  7    Dex:  9    Spells: 4/4 levels left

rFire   . . .      SeeInvis .     - Unarmed
rCold   . . .      Faith    .   b - +0 kite shield
rNeg    . . .      Spirit   .   (body armour currently unavailable)
rPois   +          Reflect  .   (helmet currently unavailable)
rElec   .          Harm     .   (cloak currently unavailable)
rCorr   .          Rampage  .   (gloves unavailable)
Will    .....      NoTele   +   (boots unavailable)
Stlth   +.........              (no amulet)
HPRegen 1.02/turn               (no ring)
MPRegen 0.09/turn               (no ring)

@: mighty, lethally poisoned (-4 -> -4), tree-form, attractive, drained
A: stationary, stasis, torment immunity, boosted hp, large, unfitting armour,
(claws 3), regeneration 1, (shaggy fur 1), (tough skin 1)
a: no special abilities


You were on level 7 of the Dungeon.
You were a tree.
You visited 1 branch of the dungeon, and saw 5 of its levels.

You collected 166 gold pieces.

Inventory:

Hand Weapons
 h - a +2 dagger of electrocution
Missiles
 d - 3 poisoned darts (quivered)
Armour
 a - a +0 robe (melded)
 b - a +0 kite shield (worn)
Jewellery
 i - a ring of fire
Wands
 j - a wand of light (13)
Scrolls
 e - a scroll of teleportation
 g - a scroll of identify {unknown}
Potions
 f - a potion of attraction
 l - a potion of brilliance


   Skills:
 + Level 3.4 Fighting
 + Level 3.4 Dodging
 + Level 3.7 Shields
 + Level 3.4 Unarmed Combat


You had 4 spell levels left.
You didn't know any spells.
Your spell library contained the following spells:

 Spells                   Type           Power      Damage    Failure   Level
 Blink                    Tloc           0%         N/A       90%         2
 Lesser Beckoning         Tloc           0%         N/A       99%         3
 Manifold Assault         Tloc           0%         N/A       100%        5


Dungeon Overview and Level Annotations

Branches:
Dungeon (4/15)
 Temple: D:4-7

Altars:

Shops:
D:1 [


Innate Abilities, Weirdness & Mutations

You are a tree.
Your roots penetrate the ground, keeping you stationary.
You cannot be teleported.
You are immune to unholy pain and torment.
Your maximum health is greatly increased.
Your equipment is partially melded.
You are too large for most types of armour.
((You have claws for hands.))
Your natural rate of healing is unusually fast.
((You are covered in fur. (AC +1)))
((You have tough skin. (AC +1)))


Message History

A troll comes into view.
The shadow imp attacks as you move away!
You block the shadow imp's attack. The shadow imp gestures at you.
Pain shoots through your body!
The shadow imp sputters.
The shadow imp spits at you. The water moccasin bites you.
You are poisoned.
The water moccasin poisons you!
The water moccasin attacks as you move away!
The water moccasin bites you.
You feel very sick.
You miss the water moccasin.
You feel a little less mighty now.
You feel very sick. The water moccasin closely misses you.
You barely miss the water moccasin.
You feel sick. The water moccasin bites you.
* * * LOW HITPOINT WARNING * * *
The water moccasin bites you but does no damage.
You feel very mighty all of a sudden.
You feel sick. You block the water moccasin's attack.
You closely miss the water moccasin.
You feel sick. The water moccasin bites you.
* * * LOW HITPOINT WARNING * * *
The water moccasin bites you.
* * * LOW HITPOINT WARNING * * *
* * * LOW HITPOINT WARNING * * *
You feel sick.
It was a potion of attraction.
You feel attractive to monsters.
* * * LOW HITPOINT WARNING * * *
You feel sick. You block the water moccasin's attack.
The shadow imp shouts, "Back with thee, thou bootless flat-headed skainsmate!"
It was a potion of lignification.
You turn into a tree.
Your +0 robe melds into your body.
Your roots penetrate the ground.
You feel sick. You block the water moccasin's attack.
The water moccasin bites you.
You die...

#. #....##.#
###.####.### #
##.#...#.# #.# #)#
#.##........# #.#
#.# #..T..#...###
#.# #.# #.##..##.##
#.# #.# # #.># .#
#.# #.# #..# .. ..#
#.#
#.##..###########.##
#.#
#........55S♣.......
..#
#.##.####.##########
#.# # #. #.# #.. #.
#.# #. #.# #. #.# .!
#.# ...


You could see a water moccasin and 2 shadow imps.

Vanquished Creatures
  An orc priest (D:7)
  Ijyb (D:4)
  2 iguanas
  An orc wizard (D:3)
  4 adders
  A worm (D:2)
  3 dart slugs (D:1)
  6 orcs
  A ball python (D:1)
  7 endoplasms
  4 giant cockroaches
  5 goblins
  3 hobgoblins (D:1)
  7 jackals
  6 bats
  A frilled lizard (D:2)
  7 kobolds
  3 rats
63 creatures vanquished.

Notes
Turn   | Place    | Note
-------+----------+-------------------------------------------
     0 | D:1      | smilodon the Troll Fighter began the quest for the Orb.
     0 | D:1      | Reached XP level 1. HP: 22/22 MP: 0/0
    75 | D:1      | Reached XP level 2. HP: 29/29 MP: 1/1
   132 | D:1      | Found a faded altar of an unknown god.
   280 | D:1      | Found Meowume's Antique Armour Emporium.
   497 | D:1      | Reached XP level 3. HP: 36/36 MP: 2/2
  1378 | D:3      | Reached XP level 4. HP: 44/44 MP: 3/3
  1816 | D:3      | Reached XP level 5. HP: 45/53 MP: 4/4
  2140 | D:4      | Noticed Ijyb
  2156 | D:4      | Killed Ijyb
  2186 | D:4      | You fall into a shaft and drop 3 floors!
  2216 | D:7      | Noticed a sky beast
  2219 | D:7      | Noticed a water moccasin
  2230 | D:7      | Noticed a troll
  2239 | D:7      | HP: 1/50 [water moccasin (3)]
  2242 | D:7      | Slain by a water moccasin

Illustrated notes

Levels and vault maps discovered:
D:1:      minmay_arrival_shoal_huts, layout_basic, serial_shops, shop,
          hellmonk_ecumenical_altar_run_dry
D:2:      layout_loops_cross
D:3:      layout_loops_cross
D:4:      layout_rooms, yredelemnul_forgotten_temple_becter, uniq_ijyb
D:7:      layout_loops_ring, minmay_manual_monolith, uniq_duvessa

Skill      XL: |  1  2  3  4 |
---------------+-------------+-----
Shields        | 3 |  3.7
Fighting       | 3 |  3.4
Dodging        | 3 |  3.4
Unarmed Combat | 3 |  3.4

Action                   |  1- 3 |  4- 6 || total
-------------------------+-------+-------++-------
Melee: Unarmed           |   117 |    80 ||   197
  Use: Potion            |     4 |     5 ||     9
       Scroll            |     4 |       ||     4
 Stab: Sleeping          |     1 |       ||     1
Armor: Robe              |    44 |    10 ||    54
Dodge: Dodged            |    34 |    33 ||    67
Block: Kite shield       |    37 |    36 ||    73
